 Dungeon Crawl Stone Soup version 0.19.0-20-gbc5f0c6 (webtiles) character file.

27172 Derfel the Jinx (level 13, -9/55 HPs)
             Began as a Spriggan Enchanter on Nov 17, 2016.
             Was an Elder of Dithmenos.
             Mangled by a fire elemental (11 damage)
             ... in a volcano on Nov 18, 2016.
             The game lasted 01:52:26 (16378 turns).

Derfel the Jinx (Spriggan Enchanter)               Turns: 16378, Time: 01:52:26

Health: -9/55      AC:  5    Str:  4    XL:     13   Next: 2%
Magic:  37/41      EV: 18    Int: 20    God:    Dithmenos [****..]
Gold:   824        SH:  0    Dex: 18    Spells: 6 memorised, 25 levels left

rFire  . . .     SeeInvis +     u - +1 dagger (venom)
rCold  . . .     Gourm    .     b - +1 robe
rNeg   . . .     Faith    .     (shield restricted)
rPois  +         Spirit   .     (helmet restricted)
rElec  .         Reflect  .     y - +1 cloak
rCorr  .         Harm     .     (gloves unavailable)
MR     ++...                    (boots unavailable)
Stlth  ++++++++..               (no amulet)
                                m - ring of poison resistance
                                h - ring of magical power

@: wreathed by umbra, very quick
A: unfitting armour, see invisible, herbivore 3, speed 3, slow metabolism 2
a: Shadow Step, Renounce Religion


You were in a volcano.
You worshipped Dithmenos.
Dithmenos was greatly pleased with you.
You were very hungry.

You visited 3 branches of the dungeon, and saw 15 of its levels.
You also visited: Sewer and Volcano.

You collected 824 gold pieces.

Inventory:

Hand Weapons
 a - a +1 dagger
 s - a +0 rapier
 u - a +1 dagger of venom (weapon)
 Q - a +2 short sword of protection
Missiles
 e - 240 stones (quivered)
 L - 13 poisoned needles
Armour
 b - a +1 robe (worn)
 t - a +0 buckler
 y - a +1 cloak (worn)
Jewellery
 h - a ring of magical power (left hand)
 j - an uncursed ring of protection from cold
 m - a ring of poison resistance (right hand)
 H - a +3 ring of dexterity
 J - a +2 ring of intelligence
 R - an uncursed ring of protection from cold
 T - an uncursed ring of ice
Wands
 k - a wand of slowing (26/48)
 q - a wand of heal wounds (4/9)
 x - a wand of confusion (13/48)
 N - a wand of slowing (9/48)
 U - a wand of iceblast (0/15)
 W - a wand of digging (7/24)
Scrolls
 f - a scroll of amnesia
 i - 2 scrolls of fog
 n - 4 scrolls of enchant weapon
 p - 4 scrolls of remove curse
 r - a scroll of fear
 w - 2 scrolls of recharging
 A - 2 scrolls of blinking
 C - 3 scrolls of teleportation
 E - 2 scrolls of random uselessness
 F - a scroll of identify
 K - a scroll of vulnerability {unknown}
 O - a scroll of enchant armour
Potions
 g - a potion of invisibility
 o - 5 potions of brilliance
 z - a potion of haste
 M - a potion of resistance
 S - a potion of berserk rage
Books
 c - a book of Maledictions

   Spells                             Type                      Level
   a - Corona                         Hexes                        1
   b - Ensorcelled Hibernation        Hexes/Ice                    2
   c - Confuse                        Hexes                        3
   d - Tukima's Dance                 Hexes                        3
   e - Dazzling Spray                 Conjuration/Hexes            3
 G - a book of Clouds

   Spells                             Type                      Level
   a - Mephitic Cloud                 Conjuration/Poison/Air       3
   b - Conjure Flame                  Conjuration/Fire             3
   c - Poisonous Cloud                Conjuration/Poison/Air       6
   d - Freezing Cloud                 Conjuration/Ice/Air          6
   e - Ring of Flames                 Charms/Fire                  7
 I - a book of Battle

   Spells                             Type                      Level
   a - Infusion                       Charms                       1
   b - Shroud of Golubria             Charms/Translocation         2
   c - Song of Slaying                Charms                       2
   d - Spectral Weapon                Hexes/Charms                 3
   e - Regeneration                   Charms/Necromancy            3
 P - a book of Changes

   Spells                             Type                      Level
   a - Beastly Appendage              Transmutation                1
   b - Sticks to Snakes               Transmutation                2
   c - Spider Form                    Transmutation/Poison         3
   d - Ice Form                       Ice/Transmutation            4
   e - Blade Hands                    Transmutation                5
Comestibles
 d - 4 bread rations
 l - 3 royal jellies


   Skills:
 - Level 12.0 Short Blades
 - Level 3.0 Dodging
 - Level 12.8 Stealth
 + Level 14.4 Spellcasting
 + Level 14.6 Hexes


You had 25 spell levels left.
You knew the following spells:

 Your Spells              Type           Power        Failure   Level  Hunger
a - Corona                Hex            ######.      0%          1    None
b - Ensorcelled Hibernat  Hex/Ice        #####.       1%          2    None
c - Confuse               Hex            ######..     1%          3    None
d - Tukima's Dance        Hex            ######..     1%          3    None
e - Spectral Weapon       Hex/Chrm       #####...     1%          3    None
f - Dazzling Spray        Conj/Hex       #####.       1%          3    None


Dungeon Overview and Level Annotations

Branches:
Dungeon (9/15)             Temple (1/1) D:5            Lair (5/6) D:8
  Swamp (0/4) Lair:3       Spider (0/4) Lair:3        Slime (0/5) Lair:5
    Orc: D:9-12

Altars:
Ashenzari
Cheibriados
Dithmenos
Elyvilon
Fedhas
Gozag
Hepliaklqana
Kikubaaqudgha
Makhleb
Nemelex Xobeh
Okawaru
Qazlal
Ru
Sif Muna
Trog
Uskayaw
Vehumet
Xom
Yredelemnul
Zin
The Shining One

Shops:
D:4 !*   D:5 *


Innate Abilities, Weirdness & Mutations

You are very small and have problems with some larger weapons.
You are too small for most types of armour.
You have supernaturally acute eyesight. (SInv)
You are a herbivore.
You cover ground extremely quickly.
You need consume almost no food.


Message History

The fire elemental is lightly damaged.
The fire elemental closely misses you.
You hit the fire elemental but do no damage.
The fire elemental is lightly damaged.
The efreet gestures at you.
The fireball explodes!
The fireball engulfs the fire elemental.
The fire elemental completely resists.
The fireball engulfs you!
* * * LOW HITPOINT WARNING * * *
You emit a cloud of dark smoke.
There is nothing on the other side of the stone arch.
You feel better. The fire elemental hits you. The fire elemental burns you!
* * * LOW HITPOINT WARNING * * *
The fire elemental closely misses you. The efreet gestures at you.
The bolt of fire hits the fire elemental.
The fire elemental completely resists.
The bolt of fire misses you.
There is a rocky tunnel leading out of this place here.
The fire elemental hits you. The fire elemental burns you!
You die...

### ###.##
##§...##
#§§....#
#≈..@..+
#≈§§E§########
#§v§§§##≈≈§≈≈#
#§§§§R##≈≈§§≈≈
#§§.§§§).≈≈≈..
#§§.§§§#.§≈.§#
##§§§.## §..##
###.## §## ###
#


You could see a fire elemental and a fire vortex.

Vanquished Creatures
  Kirke (Lair:3)
  The ghost of ishanyx the Severer, a journeyman MiFi of Okawaru (Lair:1)
  Fannar (Lair:3)
  The ghost of CompileTime the Carver, a journeyman MiGl of Cheibriados (Lair:1)
  5 hydras
  7 elephants
  6 spiny frogs
  3 rime drakes
  6 komodo dragons
  An efreet (Volcano)
  Grinder (D:6)
  Prince Ribbit (Lair:3)
  7 blink frogs
  10 hippogriffs
  4 dream sheep (Lair:2)
  6 spriggans (Lair:1)
  A wyvern (Lair:3)
  3 redbacks (Lair:3)
  3 hogs
  3 yaks (Lair:1)
  4 swamp worms (Lair:3)
  Edmund (D:4)
  Duvessa (D:6)
  6 porcupines
  2 sky beasts
  2 orc warriors
  9 water moccasins
  A phantom (D:6)
  3 black bears
  An ogre (D:4)
  6 wolves (Lair:2)
  A centaur (D:6)
  7 crocodiles
  A big kobold (D:7)
  12 bullfrogs
  A gnoll sergeant (D:8)
  2 water moccasin zombies
  3 scorpions
  Dowan (D:6)
  6 killer bees (D:8)
  5 howler monkeys
  3 jellies
  3 electric eels
  A crimson imp (D:8)
  A bullfrog zombie (D:6)
  7 hounds
  2 orc priests (D:8)
  Crazy Yiuf (D:4)
  2 iguanas
  2 orc wizards
  9 worker ants
  A killer bee zombie (D:8)
  A hound zombie (D:6)
  A howler monkey skeleton (D:4)
  6 gnolls
  11 adders
  17 oozes
  2 adder zombies
  An adder skeleton (D:7)
  4 worms
  2 dart slugs (D:4)
  19 leopard geckos
  20 orcs
  15 ball pythons (Sewer)
  6 bats
  21 giant cockroaches
  6 goblins
  5 hobgoblins
  16 jackals
  8 kobolds
  A ball python skeleton (D:4)
  12 frilled lizards
  A leopard gecko skeleton (D:5)
  A quokka skeleton (D:5)
  9 rats
  2 fungi (D:5)
  2 plants
367 creatures vanquished.

Vanquished Creatures (collateral kills)
  Eustachio (D:6)
  An ogre (D:4)
  An orc wizard (D:7)
  An orc priest (D:7)
  A gnoll (D:4)
  3 orcs
  2 kobolds (D:7)
10 creatures vanquished.

Vanquished Creatures (others)
  3 dancing weapons
  8 fungi
  7 plants
  A spectral weapon (Lair:3)
19 creatures vanquished.

Grand Total: 396 creatures vanquished

Notes
Turn   | Place    | Note
-------+----------+-------------------------------------------
     0 | D:1      | Derfel the Spriggan Enchanter began the quest for the Orb.
     0 | D:1      | Reached XP level 1. HP: 9/9 MP: 5/5
    53 | D:1      | Reached XP level 2. HP: 8/13 MP: 6/6
    57 | D:1      | Learned a level 2 spell: Ensorcelled Hibernation
   774 | D:1      | Reached XP level 3. HP: 16/16 MP: 6/8
  1640 | D:2      | Reached skill level 5 in Stealth
  2154 | D:3      | Learned a level 3 spell: Confuse
  2346 | D:3      | Reached XP level 4. HP: 11/21 MP: 11/11
  2351 | D:3      | Learned a level 3 spell: Tukima's Dance
  3066 | D:4      | Found Fuidima's General Store.
  3074 | D:4      | Found a stormy altar of Qazlal.
  3076 | D:4      | Noticed Edmund
  3080 | D:4      | Noticed an ogre
  3093 | D:4      | Killed an ogre
  3093 | D:4      | Reached skill level 5 in Hexes
  3093 | D:4      | Reached XP level 5. HP: 24/24 MP: 13/13
  3107 | D:4      | Killed Edmund
  3107 | D:4      | Reached skill level 5 in Spellcasting
  3107 | D:4      | Reached XP level 6. HP: 15/28 MP: 14/14
  3142 | D:4      | Found a glowing silver altar of Zin.
  3523 | D:4      | Found Yddoceq's Distillery.
  3556 | D:4      | Found a burning altar of Makhleb.
  3677 | D:4      | Found a radiant altar of Vehumet.
  4001 | D:4      | Found a runed door.
  4005 | D:4      | Noticed Crazy Yiuf
  4009 | D:4      | Killed Crazy Yiuf
  4076 | D:4      | HP: 1/28 [ogre/giant spiked club (27)]
  4087 | D:4      | Reached XP level 7. HP: 3/32 MP: 17/17
  4623 | D:5      | Entered Level 5 of the Dungeon
  4644 | D:5      | Found a deep blue altar of Sif Muna.
  4661 | D:5      | Found a glowing drain.
  4680 | Sewer    | Entered a sewer
  5929 | D:5      | Reached XP level 8. HP: 36/36 MP: 19/19
  6047 | D:5      | Found a staircase to the Ecumenical Temple.
  6313 | Temple   | Entered the Ecumenical Temple
  6566 | D:5      | Found Tafoy's General Store.
  6831 | D:6      | Noticed Eustachio
  6851 | D:6      | Killed Eustachio
  6851 | D:6      | Reached skill level 10 in Stealth
  6902 | D:6      | Noticed Dowan
  6905 | D:6      | Noticed Duvessa
  6907 | D:6      | Killed Dowan
  6933 | D:6      | Killed Duvessa
  7213 | D:6      | Noticed Grinder
  7531 | D:6      | Learned a level 3 spell: Spectral Weapon
  7613 | D:6      | Reached XP level 9. HP: 25/39 MP: 12/22
  7721 | D:6      | Paralysed by Grinder for 7 turns
  7771 | D:6      | Killed Grinder
  8397 | D:7      | Found a shadowy altar of Dithmenos.
  8434 | D:7      | Became a worshipper of Dithmenos the Shadowed
  8584 | D:7      | Reached skill level 10 in Hexes
  8906 | D:8      | Found a white marble altar of Elyvilon.
  8928 | D:8      | Reached skill level 10 in Spellcasting
  9076 | D:8      | Reached * piety under Dithmenos
  9191 | D:8      | Found a staircase to the Lair.
  9191 | D:8      | Noticed a komodo dragon
  9323 | D:8      | Killed a komodo dragon
  9610 | D:8      | Found a faded altar of an unknown god.
  9610 | D:8      | Found an opulent altar of Gozag.
  9622 | D:8      | Found a faded altar of an unknown god.
  9628 | D:8      | Found a faded altar of an unknown god.
  9629 | D:8      | Found a faded altar of an unknown god.
  9701 | D:8      | Learned a level 3 spell: Dazzling Spray
  9801 | D:8      | Reached skill level 5 in Short Blades
  9801 | D:8      | Reached XP level 10. HP: 37/44 MP: 25/25
 10162 | Lair:1   | Entered Level 1 of the Lair of Beasts
 10265 | Lair:1   | Noticed CompileTime's ghost (journeyman MiGl)
 11082 | Lair:1   | Killed CompileTime's ghost
 11109 | Lair:1   | Noticed ishanyx's ghost (journeyman MiFi)
 11128 | Lair:1   | Killed ishanyx's ghost
 11433 | Lair:1   | Reached skill level 10 in Short Blades
 11605 | Lair:1   | Reached XP level 11. HP: 47/47 MP: 26/26
 11722 | Lair:2   | Reached ** piety under Dithmenos
 11806 | Lair:2   | Noticed a four-headed hydra
 11953 | Lair:2   | Killed a four-headed hydra
 12099 | Lair:2   | Noticed a four-headed hydra
 12122 | Lair:2   | Killed a four-headed hydra
 13108 | Lair:3   | Found a hole to the Spider Nest.
 13121 | Lair:3   | Noticed a six-headed hydra
 13134 | Lair:3   | Noticed Fannar
 13155 | Lair:3   | Killed Fannar
 13215 | Lair:3   | Noticed Prince Ribbit
 13271 | Lair:3   | Killed Prince Ribbit
 13485 | Lair:3   | Reached *** piety under Dithmenos
 13647 | Lair:3   | Noticed an eight-headed hydra
 13653 | Lair:3   | Killed an eight-headed hydra
 13653 | Lair:3   | Reached XP level 12. HP: 51/51 MP: 29/29
 13909 | Lair:3   | Killed a six-headed hydra
 14080 | Lair:3   | Found a staircase to the Swamp.
 14285 | Lair:4   | Noticed a seven-headed hydra
 14314 | Lair:4   | Killed a seven-headed hydra
 15172 | Lair:4   | Reached **** piety under Dithmenos
 15504 | Lair:4   | Noticed Kirke
 15954 | Lair:3   | Killed Kirke
 16179 | Lair:4   | Reached XP level 13. HP: 44/55 MP: 32/32
 16347 | Lair:5   | Found a dark tunnel.
 16356 | Volcano  | Entered a volcano
 16372 | Volcano  | HP: 2/55 [efreet/fireball (27)]
 16378 | Volcano  | Mangled by a fire elemental

Skill      XL: |  1  2  3  4  5  6  7  8  9 10 11 12 |
---------------+-------------------------------------+-----
Hexes          | 4 5 6 7 9 10 12 14 | 14.6
Spellcasting   | 3 4 5 6 7 8 10 12 14 | 14.4
Stealth        | 5 6 7 8 10 12 | 12.8
Short Blades   | 5 10 12 | 12.0
Dodging        | |  3.0

Action                   |  1- 3 |  4- 6 |  7- 9 | 10-12 | 13-15 || total
-------------------------+-------+-------+-------+-------+-------++-------
Melee: Dagger            |    92 |    57 |   383 |   137 |     9 ||   678
       Short sword       |       |       |       |    43 |       ||    43
Throw: Stone             |    12 |     6 |    12 |     9 |       ||    39
 Cast: Corona            |     1 |     1 |       |       |       ||     2
       Ensorcelled Hiber |    34 |    34 |   198 |   212 |     3 ||   481
       Confuse           |       |     7 |    35 |    56 |     1 ||    99
       Tukima's Dance    |       |     4 |    14 |       |       ||    18
       Spectral Weapon   |       |       |     2 |     7 |       ||     9
       Dazzling Spray    |       |       |       |     2 |       ||     2
Evoke: Wand              |       |       |     3 |     1 |       ||     4
  Use: Scroll            |     2 |     7 |     3 |    17 |     1 ||    30
       Potion            |       |       |       |     6 |     1 ||     7
 Stab: Sleeping          |    39 |    23 |   115 |   114 |     2 ||   293
       Confused          |       |     2 |    13 |    15 |     1 ||    31
       Distracted        |       |       |     1 |       |       ||     1
  Eat: Bread ration      |       |     1 |       |       |       ||     1
       Pizza             |       |       |     1 |       |       ||     1
       Fruit             |       |       |       |     5 |     1 ||     6
Armor: Robe              |    14 |     3 |    42 |    17 |     2 ||    78
Dodge: Dodged            |    77 |    34 |   334 |   130 |     5 ||   580
